 Dungeon Crawl Stone Soup version 0.29-a0-275-g389c0b56f3 (webtiles) character file.

Game seed: 3017774667388768364

186 Zeldest the Slasher (level 5, -2/32 HPs)
             Began as a Tengu Gladiator on Mar 10, 2022.
             Slain by Crazy Yiuf
             ... wielding a +4 quarterstaff of chaos
              (9 damage)
             ... on level 2 of the Dungeon.
             The game lasted 00:03:08 (2642 turns).

Zeldest the Slasher (Tengu Gladiator)               Turns: 2642, Time: 00:03:08

Health: -2/32      AC:  3    Str: 14    XL:     5   Next: 66%
Magic:  6/6        EV: 16    Int:  9    God:
Gold:   68         SH:  0    Dex: 17    Spells: 4/4 levels left

rFire   . . .      SeeInvis .   a - +0 long sword
rCold   . . .      Faith    .   (no shield)
rNeg    . . .      Spirit   .   b - +0 leather armour
rPois   .          Reflect  .   c - +0 hat
rElec   .          Harm     .   (no cloak)
rCorr   .          Rampage  .   (no gloves)
Will    .....                   (boots unavailable)
Stlth   +.........              (no amulet)
HPRegen 0.10/turn               (no ring)
MPRegen 0.10/turn               (no ring)

@: flying quickly and evasively, quick
A: beak, talons 3, nimble flight
a: no special abilities


You were on level 2 of the Dungeon.
You visited 1 branch of the dungeon, and saw 2 of its levels.

You collected 68 gold pieces.

Inventory:

Hand Weapons
 a - a +0 long sword (weapon)
Missiles
 d - 3 throwing nets (quivered)
 e - a javelin
Armour
 b - a +0 leather armour (worn)
 c - a +0 hat (worn)
Jewellery
 g - an amulet of the acrobat
 k - an amulet of faith
Scrolls
 h - 2 scrolls of enchant weapon {unknown}
 i - 3 scrolls of identify {unknown}
 j - 2 scrolls of noise {unknown}
 l - a scroll of blinking {unknown}
 m - a scroll of magic mapping {unknown}
 n - a scroll of acquirement {unknown}
Potions
 f - 2 potions of curing
 o - a potion of lignification {unknown}
 p - a potion of attraction {unknown}
 q - a potion of heal wounds {unknown}


   Skills:
 + Level 3.4 Fighting
 + Level 4.6 Long Blades
 - Level 2.7 Throwing
 + Level 4.5 Dodging


You had 4 spell levels left.
You didn't know any spells.
Your spell library contained the following spells:

 Spells                   Type           Power      Damage    Failure   Level
 Magic Dart               Conj           0%         1d3       45%         1
 Ensorcelled Hibernation  Hex/Ice        0%         N/A       61%         2
 Passwall                 Tmut/Erth      0%         N/A       61%         2
 Searing Ray              Conj           0%         2d4       61%         2
 Swiftness                Air            0%         N/A       83%         3
 Fulminant Prism          Conj/Hex       0%         3d6       99%         4


Dungeon Overview and Level Annotations

Branches:
Dungeon (2/15)

Altars:

Annotations:
D:2 Crazy Yiuf


Innate Abilities, Weirdness & Mutations

You have a beak for a mouth.
You have claws for feet.
Your magical nature lets you fly swiftly and evasively.


Message History

No target in view!
Partly explored, can't reach some places.
You hit the fungus.
The fungus begins to die.
You claw the fungus.
The fungus is lightly damaged.
You hit the fungus.
The fungus is lightly damaged.
You hit the fungus. You claw the fungus.
The fungus is lightly damaged.
You slash the fungus! You claw the fungus.
The fungus is lightly damaged.
A nearby fungus withers and dies.
You slash the fungus!
The fungus begins to die.
You claw the fungus! You peck the fungus.
The fungus is lightly damaged.
You hit the fungus. You peck the fungus.
The fungus is lightly damaged.
You hit the fungus.
The fungus begins to die.
You claw the fungus.
The fungus is lightly damaged.
You hit the fungus.
The fungus is lightly damaged.
You hit the fungus. You claw the fungus. You peck the fungus.
The fungus is lightly damaged.
A nearby fungus withers and dies.
You slash the fungus! You claw the fungus, but do no damage.
You peck the fungus.
The fungus is lightly damaged.
A nearby fungus withers and dies.
Found a mace.
Found a runed translucent door.
Crazy Yiuf shouts!
You reach down and open the door.
Crazy Yiuf hits you with a +4 quarterstaff of chaos!
You are electrocuted!
Ouch! That really hurt!
* * * LOW HITPOINT WARNING * * *
There is an open translucent door, spattered with blood here.
You slash Crazy Yiuf! Your kick misses Crazy Yiuf.
Crazy Yiuf is severely wounded.
Crazy Yiuf says, "I'm not crazy!"
Crazy Yiuf hits you with a +4 quarterstaff of chaos!
You die...

#.# #.#
##### #.#
#.# #....
### ######
#.###
#...# #.#
#####
###.# #.#
#)..# #.#
#.# #...#
#.# #.#
#.g.# #.#
#.# #@#
###.#
#.### ♣.♣♣
#...#
#.... ♣♣.♣
##<##
#.### ♣.♣♣
#.# #.#
♣♣.♣
#.#####.#
♣♣.♣♣
##.......#
♣♣...♣
#........#
♣P.♣P♣
#.########
##..## #.#


You could see Crazy Yiuf.

Vanquished Creatures
  Natasha (thrice) (D:2)
  5 adders (D:2)
  A worm (D:2)
  6 bats (D:1)
  8 endoplasms
  5 giant cockroaches
  2 goblins (D:2)
  6 hobgoblins
  A jackal (D:2)
  3 kobolds
  5 quokkas
  7 ball pythons
  5 frilled lizards
  5 rats
62 creatures vanquished.

Vanquished Creatures (others)
  4 fungi
4 creatures vanquished.

Grand Total: 66 creatures vanquished

Notes
Turn   | Place    | Note
-------+----------+-------------------------------------------
     0 | D:1      | Zeldest the Tengu Gladiator began the quest for the Orb.
     0 | D:1      | Reached XP level 1. HP: 12/12 MP: 2/2
   272 | D:1      | Reached XP level 2. HP: 16/17 MP: 3/3
   533 | D:1      | Reached XP level 3. HP: 21/22 MP: 4/4
   994 | D:2      | Noticed Natasha
  1000 | D:2      | Killed Natasha
  1001 | D:2      | Reached XP level 4. HP: 17/27 MP: 5/5
  1443 | D:2      | Noticed Natasha
  1449 | D:2      | Killed Natasha
  1682 | D:2      | Gained mutation: Your magical nature lets you fly swiftly
                  | and evasively. [Tengu growth]
  1682 | D:2      | Reached XP level 5. HP: 32/32 MP: 6/6
  2392 | D:2      | Found a faded altar of an unknown god.
  2498 | D:2      | Noticed Natasha
  2503 | D:2      | Killed Natasha
  2636 | D:2      | Found a runed translucent door.
  2637 | D:2      | Noticed Crazy Yiuf
  2642 | D:2      | Slain by Crazy Yiuf

Illustrated notes

Levels and vault maps discovered:
D:1:      eino_arrival_tree_alley, layout_loops_corners,
          dreamdust_mushroom_princess, minmay_close_crescents
D:2:      layout_loops_ring, basic_ecumenical_altar, minmay_increasing_density,
          uniq_crazy_yiuf_cottage, uniq_natasha

Skill      XL: |  1  2  3  4 |
---------------+-------------+-----
Long Blades    | 4 |  4.6
Dodging        | 4 |  4.5
Fighting       | 3 |  3.4
Throwing       | |  2.7

Action                   |  1- 3 |  4- 6 || total
-------------------------+-------+-------++-------
Melee: Long sword        |    60 |    84 ||   144
       Kick              |    17 |    27 ||    44
       Peck              |    11 |    13 ||    24
       Punch             |     2 |       ||     2
 Stab: Sleeping          |     2 |     1 ||     3
       Distracted        |       |     1 ||     1
Armor: Leather armour    |    18 |     6 ||    24
Dodge: Dodged            |    40 |    53 ||    93

Table legend: (Time is in decaauts)
 A = Elapsed time spent in this place.
 B = Non-inter-level travel time spent in this place.
 C = Inter-level travel time spent in this place.
 D = Time resting spent in this place.
 E = Time spent auto-exploring this place.
 F = Levels seen in this place.
 G = Mean time per level.
                   A        B        C        D        E       F      G
               +--------+--------+--------+--------+--------+-----+--------+
         Total |   2605 |   2578 |     27 |    851 |   1346 |   2 | 1302.5 |
       Dungeon |   2605 |   2578 |     27 |    851 |   1346 |   2 | 1302.5 |
               +--------+--------+--------+--------+--------+-----+--------+

Top non-repeatable levels by time:
     D:2: 1603 daAuts
     D:1: 1002 daAuts
